 Dungeon Crawl Stone Soup version 0.30-a0-571-gdf30a72648 (webtiles) character file.

Game seed: 10983405652840754087

44 Newt the Cutter (level 3, -1/27 HPs)
             Began as a Demonspawn Gladiator on Dec 29, 2022.
             Slain by a gnoll
             ... wielding a +0 halberd of venom
              (12 damage)
             ... on level 2 of the Dungeon.
             The game lasted 00:00:55 (941 turns).

Newt the Cutter (Demonspawn Gladiator)               Turns: 941, Time: 00:00:55

Health: -1/27      AC:  3    Str: 16    XL:     3   Next: 41%
Magic:  3/3        EV: 12    Int:  9    God:
Gold:   79         SH:  0    Dex: 14    Spells: 2/2 levels left

rFire   . . .      SeeInvis .    i - +3 dagger (elec)
rCold   . . .      Faith    .    (no shield)
rNeg    . . .      Spirit   .    b - +0 leather armour
rPois   +          Reflect  .    (helmet restricted)
rElec   .          Harm     .    (no cloak)
rCorr   .          Rampage  .    (no gloves)
Will    .....                    (no boots)
Stlth   ++                       (no amulet)
HPRegen 0.24/turn                g - ring of poison resistance
MPRegen 0.08/turn                (no ring)

@: lethally poisoned (-1 -> -11)
A: horns 1, foul stench 1
a: no special abilities


You were on level 2 of the Dungeon.
You visited 1 branch of the dungeon, and saw 2 of its levels.

You collected 79 gold pieces.

Inventory:

Hand Weapons
 a - a +0 rapier
 i - a +3 dagger of electrocution (weapon)
Missiles
 d - 3 throwing nets (quivered)
 e - a javelin
Armour
 b - a +0 leather armour (worn)
 c - a +0 helmet
Jewellery
 g - a ring of poison resistance (left hand)
 j - a ring of magical power
 o - a ring of protection from fire
Potions
 k - 3 potions of might {unknown}


   Skills:
 - Level 2.0 Fighting
 + Level 3.5 Short Blades
 - Level 1.7 Throwing
 - Level 2.6 Dodging
 - Level 2.0 Stealth


You had 2 spell levels left.
You didn't know any spells.
Your spell library was empty.

Dungeon Overview and Level Annotations

Branches:
Dungeon (2/15)

Altars:


Innate Abilities, Weirdness & Mutations

You have a pair of small horns on your head.
You may rarely emit foul miasma when damaged in melee.


Message History

Found a sedimented brown potion.
A gnoll comes into view. It is wielding a +0 halberd.
You hit the worm but do no damage. The worm barely misses you.
You hit the worm. Lightning courses through the worm!!
You kill the worm!
A gnoll comes into view. It is wielding a +0 halberd.
A gnoll comes into view. It is wielding a +0 halberd of venom.
The gnoll shouts!
The gnoll moves out of view.
The gnoll hits you with a +0 halberd.
You emit a cloud of foul miasma!
The gnoll shouts!
You hit the gnoll but do no damage. Lightning courses through the gnoll!
You kill the gnoll!
A gnoll comes into view. It is wielding a +0 halberd.
You have reached level 3!
Your experience leads to an increase in your attributes!
Increase (S)trength, (I)ntelligence, or (D)exterity?
You feel stronger. x2
You feel monstrous as your demonic heritage exerts itself.
Your demonic ancestry asserts itself...
A pair of horns grows on your head!
Your +0 helmet falls away!
You open the door.
The gnoll hits you from afar with a +0 halberd.
There is an open door here.
An endoplasm comes into view.
Found a scroll labelled LYWASO IDIG.
The gnoll completely misses you.
You hit the gnoll but do no damage. Lightning courses through the gnoll!!
You kill the gnoll!
The gnoll closely misses you.
The gnoll hits you with a +0 halberd of venom.
You are poisoned.
Things that are here:
a +0 halberd; a gnoll corpse You closely miss the gnoll.
You headbutt the gnoll.
The gnoll is lightly wounded.
You feel very sick.
The gnoll hits you with a +0 halberd of venom!
You die...

####......
......J? ..#
........ ...+
...... ...#.
#.... #####g....
...# #.........
#.## #.!.......
#..###.)g......
##.@.#.g.......
######g#.........
#....)....†......
#................
#.......#...#####
#...(...###..#
######### #..#
#.# .#


You could see a gnoll.

Vanquished Creatures
  2 gnolls (D:2)
  A worm (D:2)
  2 ball pythons (D:1)
  An endoplasm (D:1)
  A giant cockroach (D:1)
  4 goblins
  A hobgoblin (D:1)
  A kobold (D:1)
  2 quokkas (D:1)
  4 bats
  A frilled lizard (D:1)
  2 rats (D:1)
22 creatures vanquished.

Notes
Turn   | Place    | Note
-------+----------+-------------------------------------------
     0 | D:1      | Newt the Demonspawn Gladiator began the quest for the Orb.
     0 | D:1      | Reached XP level 1. HP: 16/16 MP: 1/1
     2 | D:1      | Noticed an armataur
     2 | D:1      | Noticed a tengu
     4 | D:1      | Noticed a vampire
     4 | D:1      | Noticed a troll
     6 | D:1      | Noticed a naga
     8 | D:1      | Noticed a draconian
     8 | D:1      | Noticed a gargoyle
    10 | D:1      | Noticed a minotaur
    10 | D:1      | Noticed a vine stalker
    12 | D:1      | Noticed a human
    12 | D:1      | Noticed a ghoul
    14 | D:1      | Noticed a merfolk
    14 | D:1      | Noticed a felid
    16 | D:1      | Noticed a demonspawn
    18 | D:1      | Noticed an octopode
    18 | D:1      | Noticed an elf
    20 | D:1      | Noticed a demigod
    22 | D:1      | Noticed a meteoran
    22 | D:1      | Noticed a spriggan
    24 | D:1      | Noticed a formicid
    24 | D:1      | Noticed an ogre
    26 | D:1      | Noticed a human
    26 | D:1      | Noticed a draconian
    45 | D:1      | Reached skill level 1 in Stealth
   241 | D:1      | Gained mutation: You may rarely emit foul miasma when
                  | damaged in melee. [demonic ancestry]
   241 | D:1      | Reached XP level 2. HP: 22/22 MP: 2/2
   921 | D:2      | Reached skill level 3 in Short Blades
   930 | D:2      | Discovered your monstrous ancestry.
   930 | D:2      | Gained mutation: You have a pair of small horns on your
                  | head. [demonic ancestry]
   930 | D:2      | Reached XP level 3. HP: 21/27 MP: 3/3
   941 | D:2      | Slain by a gnoll

Illustrated notes

Levels and vault maps discovered:
D:1:      kb_arrival_jail, layout_basic, minmay_liquid_box, item_on_display_a
D:2:      layout_basic, serial_shops, shop, uniq_sigmund

Skill      XL: |  1  2 |
---------------+-------+-----
Stealth        | 1 2 |  2.0
Short Blades   | 3 |  3.5
Fighting       | |  2.0
Throwing       | |  1.7
Dodging        | |  2.6

Action                   || total
-------------------------++-------
Melee: Rapier            ||    35
       Dagger            ||    21
       Punch             ||     1
       Headbutt          ||     1
Throw: Throwing net      ||     1
  Use: Scroll            ||     5
 Stab: Sleeping          ||     4
Armor: Leather armour    ||    18
Dodge: Dodged            ||    22

Table legend: (Time is in decaauts)
 A = Elapsed time spent in this place.
 B = Non-inter-level travel time spent in this place.
 C = Inter-level travel time spent in this place.
 D = Time resting spent in this place.
 E = Time spent auto-exploring this place.
 F = Levels seen in this place.
 G = Mean time per level.
                   A        B        C        D        E       F      G
               +--------+--------+--------+--------+--------+-----+--------+
         Total |    939 |    911 |     28 |    127 |    644 |   2 |  469.5 |
       Dungeon |    939 |    911 |     28 |    127 |    644 |   2 |  469.5 |
               +--------+--------+--------+--------+--------+-----+--------+

Top non-repeatable levels by time:
     D:1: 907 daAuts
     D:2: 31 daAuts
